 Dungeon Sprint DCSS version 0.29-a0-459-g97dee8cd24 (webtiles) character file.

Game seed: 16323532930007059104

4977 mhtbhm the Swashbuckler (level 10, -1/76 HPs)
             Began as a Kobold Berserker on May 20, 2022.
             Was a High Priest of Trog.
             Splashed by a jelly's acid (8 damage)
             ... in the Dungeon (Sprint I: "Red Sonja").
             The game lasted 00:03:19 (1370 turns).

mhtbhm the Swashbuckler (Kobold Berserker)          Turns: 1370, Time: 00:03:20

Health: -1/76      AC:  3    Str: 18    XL:     10   Next: 83%
Magic:  10/10      EV: 19    Int:  8    God:    Trog [*****.]
Gold:   796        SH:  0    Dex: 16    Spells: 9/9 levels left

rFire   + . .      SeeInvis .   a - +1 short sword (venom)
rCold   . . .      Faith    .   (no shield)
rNeg    + . .      Spirit   .   b - +0 leather armour of Lugonu's Condemnation {rElec rPois Stlth+}
rPois   +          Reflect  .   (no helmet)
rElec   +          Harm     .   (no cloak)
rCorr   .          Rampage  .   (no gloves)
Will    .....      NoTele   +   (no boots)
Stlth   ++++++++..              (no amulet)
HPRegen 0.22/turn               h - ring of positive energy
MPRegen 0.12/turn               n - ring of protection from fire

@: on berserk cooldown, slowed, very slow
A: small, no large weapons, nightstalker 3
a: Renounce Religion, Berserk, Trog's Hand, Brothers in Arms


You were in the Dungeon.
You worshipped Trog.
Trog was extremely pleased with you.
You visited 1 branch You collected 1026 gold pieces.
You spent 230 gold pieces at shops.

Inventory:

Hand Weapons
 a - a +1 short sword of venom (weapon)
Missiles
 p - 4 curare-tipped darts (quivered)
Armour
 b - the +0 leather armour of Lugonu's Condemnation (worn) {rElec rPois Stlth+}
   (You bought it in a shop in the Dungeon)

   rElec:     It insulates you from electricity.
   rPois:     It protects you from poison.
   Stlth:     It makes you more stealthy.
Jewellery
 h - a ring of positive energy (left hand)
 n - a ring of protection from fire (right hand)
Wands
 i - a wand of flame (7)
 l - a wand of acid (7)
 o - a wand of iceblast (10)
Scrolls
 k - a scroll of identify {unknown}
 q - a scroll of poison {unknown}
Potions
 c - 7 potions of curing
 d - a potion of heal wounds
 e - a potion of haste
 f - 2 potions of magic
 g - a potion of berserk rage
 j - a potion of resistance {unknown}
 m - a potion of brilliance {unknown}


   Skills:
 + Level 15.3 Fighting
 + Level 18.9 Short Blades
 + Level 5.5 Armour
 + Level 9.5 Dodging
 + Level 14.4 Stealth


You had 9 spell levels left.
You didn't know any spells.
Your spell library was empty.

Dungeon Overview and Level Annotations

Branches:
Dungeon (1/1)

Altars:
Cheibriados
Dithmenos
Elyvilon
Fedhas
Gozag
Hepliaklqana
Kikubaaqudgha
Makhleb
Nemelex Xobeh
Okawaru
Qazlal
Ru
Sif Muna
Trog
Uskayaw
Vehumet
Wu Jian
Xom
Yredelemnul
Zin
The Shining One
Jiyva
Lugonu

Shops:
D (*[


Innate Abilities, Weirdness & Mutations

You are small and have problems with some larger weapons.
You are completely attuned to the shadows.


Message History

You feel a bit more experienced.
You swing at nothing.
You swing at nothing.
You feel a strong urge to attack something.
You hit the jelly.
Your hands burn!
The jelly is moderately wounded.
You puncture the jelly!
Your hands burn!
The jelly is severely wounded.
You hit the jelly.
Your hands burn!
* * * LOW HITPOINT WARNING * * *
The jelly is severely wounded.
The jelly barely misses you.
You puncture the jelly!
You kill the jelly!
Trog accepts your kill.
You swing at nothing.
You swing at nothing.
You feel a strong urge to attack something.
You are no longer berserk.
You are exhausted.
You feel yourself slow down.
You hit the jelly but do no damage.
The jelly is poisoned.
Your hands burn!
* * * LOW HITPOINT WARNING * * *
You hit the jelly.
Your hands burn!
* * * LOW HITPOINT WARNING * * *
The jelly is lightly wounded.
The jelly misses you.
Unknown command.
Okay, then.
You hit the jelly.
Your hands burn!
* * * LOW HITPOINT WARNING * * *
The jelly is moderately wounded.
The jelly closely misses you.
You puncture the jelly!
The jelly looks even sicker.
Your hands burn!
* * * LOW HITPOINT WARNING * * *
The jelly is severely wounded.
The jelly hits you.
* * * LOW HITPOINT WARNING * * *
You are splashed with acid!
You die...

_##'#§§'≈§≈§.§§.#
..'...§#≈§≈.§#§§#
_##_.#'##'#####'###
_###'#(#)..(###.§.#
####.####'###)###.#
..'...'.....'.∩##.#
###.).###########)#
###.###......§##§#
#.#'#.#......§J@§#
#.....#+..######§#
#.)...#J. ..§.#§#
#######J #+§# ####


You could see a jelly (very poisoned).

Vanquished Creatures
  2 centaur warriors (D)
  Sonja (D)
  A deep troll (D)
  An oklob plant (D)
  2 unseen horrors (D)
  2 kobold demonologists (D)
  A hornet (D)
  A slime creature (D)
  Sigmund (D)
  A yak (D)
  2 redbacks (D)
  2 floating eyes (D)
  An ogre (D)
  2 jellies (D)
  Ijyb (D)
21 creatures vanquished.

Vanquished Creatures (others)
  A gargoyle (D)
  2 ballistomycete spores (D)
3 creatures vanquished.

Grand Total: 24 creatures vanquished

Notes
Turn   | Place    | Note
-------+----------+-------------------------------------------
     0 | D        | mhtbhm the Kobold Berserker began the quest for the Orb.
     0 | D        | Reached XP level 1. HP: 14/14 MP: 1/1
     1 | D        | Noticed Ijyb
     9 | D        | Killed Ijyb
    10 | D        | Reached skill level 5 in Fighting
    10 | D        | Reached skill level 6 in Short Blades
    10 | D        | Reached XP level 2. HP: 9/21 MP: 2/2
    10 | D        | Reached XP level 3. HP: 11/26 MP: 3/3
   225 | D        | Noticed an ogre
   232 | D        | Killed an ogre
   233 | D        | Reached skill level 8 in Short Blades
   233 | D        | Reached XP level 4. HP: 18/34 MP: 4/4
   233 | D        | Reached XP level 5. HP: 20/38 MP: 5/5
   290 | D        | Killed a gargoyle
   506 | D        | Noticed Sigmund
   509 | D        | Killed Sigmund
   509 | D        | Reached ** piety under Trog
   510 | D        | Reached skill level 11 in Short Blades
   510 | D        | Reached skill level 5 in Dodging
   510 | D        | Reached skill level 1 in Stealth
   510 | D        | Reached XP level 6. HP: 45/45 MP: 6/6
   524 | D        | Found a burning altar of Makhleb.
   524 | D        | Found a viscous altar of Jiyva.
   524 | D        | Found a shimmering altar of Xom.
   524 | D        | Found a corrupted altar of Lugonu.
   524 | D        | Noticed a slime creature
   532 | D        | Killed a slime creature
   533 | D        | Reached skill level 10 in Fighting
   533 | D        | Reached skill level 12 in Short Blades
   533 | D        | Reached XP level 7. HP: 11/52 MP: 7/7
   792 | D        | Found an ornate altar of the Wu Jian Council.
   793 | D        | Found a shimmering blue altar of Sif Muna.
   794 | D        | Found a radiant altar of Vehumet.
   801 | D        | Found a hazy altar of Hepliaklqana.
   801 | D        | Found a stormy altar of Qazlal.
   801 | D        | Found a hide-covered altar of Uskayaw.
   801 | D        | Found a blossoming altar of Fedhas.
   801 | D        | Noticed a yak
   802 | D        | Found Buedd's General Store.
   802 | D        | Found a bloodstained altar of Trog.
   802 | D        | Found an opulent altar of Gozag.
   802 | D        | Found a snail-covered altar of Cheibriados.
   803 | D        | Killed a yak
   804 | D        | Reached skill level 13 in Short Blades
   804 | D        | Found an iron altar of Okawaru.
   804 | D        | Found a sparkling altar of Nemelex Xobeh.
   804 | D        | Found a sacrificial altar of Ru.
   804 | D        | Found a glowing silver altar of Zin.
   805 | D        | Found an ancient bone altar of Kikubaaqudgha.
   805 | D        | Found a basalt altar of Yredelemnul.
   805 | D        | Found a glowing golden altar of the Shining One.
   805 | D        | Found a shadowy altar of Dithmenos.
   805 | D        | Found a white marble altar of Elyvilon.
   862 | D        | Noticed a kobold demonologist
   863 | D        | Noticed a kobold demonologist
   865 | D        | Reached *** piety under Trog
   866 | D        | Reached skill level 5 in Stealth
   866 | D        | Reached XP level 8. HP: 60/60 MP: 8/8
   874 | D        | Killed a kobold demonologist
   875 | D        | Reached skill level 14 in Short Blades
   883 | D        | Noticed a rust devil
   891 | D        | Killed a kobold demonologist
   891 | D        | Reached **** piety under Trog
   892 | D        | Reached skill level 15 in Short Blades
   952 | D        | Noticed a centaur warrior
   953 | D        | Noticed a centaur warrior
   954 | D        | Killed a centaur warrior
   955 | D        | Reached skill level 16 in Short Blades
   955 | D        | Reached XP level 9. HP: 68/68 MP: 9/9
   955 | D        | Killed a centaur warrior
   956 | D        | Reached skill level 17 in Short Blades
   956 | D        | Reached skill level 5 in Armour
   956 | D        | Reached skill level 10 in Stealth
  1075 | D        | Noticed a deep troll
  1077 | D        | Killed a deep troll
  1078 | D        | Reached XP level 10. HP: 76/76 MP: 10/10
  1089 | D        | Found Jiskuing's Armour Emporium.
  1099 | D        | Bought the +0 leather armour of Lugonu's Condemnation
                  | {rElec rPois Stlth+} for 230 gold pieces
  1135 | D        | Noticed an oklob plant
  1137 | D        | Killed an oklob plant
  1137 | D        | Reached ***** piety under Trog
  1138 | D        | Reached skill level 18 in Short Blades
  1145 | D        | Received a gift from Trog
  1198 | D        | Noticed Sonja
  1201 | D        | Killed Sonja
  1202 | D        | Reached skill level 15 in Fighting
  1225 | D        | Found Xill's Antique Weapon Boutique.
  1352 | D        | Killed an unseen horror
  1358 | D        | Killed an unseen horror
  1370 | D        | Splashed by a jelly's acid

Illustrated notes

Levels and vault maps discovered:
D:        dungeon_sprint_1 [red_sonja_temple_1, red_sonja_temple_small_1]

Skill      XL: |  1  2  3  4  5  6  7  8  9 10 |
---------------+-------------------------------+-----
Fighting       | 5 7 8 10 11 13 14 15 | 15.3
Short Blades   | 6 8 11 12 13 16 17 18 | 18.9
Armour         | 2 3 4 5 |  5.5
Dodging        | 3 4 5 6 7 8 9 |  9.5
Stealth        | 1 3 5 8 11 14 | 14.4

Action                   |  1- 3 |  4- 6 |  7- 9 | 10-12 || total
-------------------------+-------+-------+-------+-------++-------
Melee: Short sword       |    12 |     6 |    30 |    25 ||    73
Invok: Berserk           |     2 |     1 |     1 |     1 ||     5
Evoke: Wand              |       |       |       |     1 ||     1
  Use: Scroll            |       |       |     1 |       ||     1
 Stab: Sleeping          |       |     2 |     6 |     6 ||    14
Armor: Leather armour    |       |       |       |     2 ||     2
Dodge: Dodged            |     2 |       |     8 |     9 ||    19

Table legend: (Time is in decaauts)
 A = Elapsed time spent in this place.
 B = Non-inter-level travel time spent in this place.
 C = Inter-level travel time spent in this place.
 D = Time resting spent in this place.
 E = Time spent auto-exploring this place.
 F = Levels seen in this place.
 G = Mean time per level.
                   A        B        C        D        E       F      G
               +--------+--------+--------+--------+--------+-----+--------+
         Total |   1375 |   1375 |      0 |    884 |      1 |   1 | 1375.0 |
       Dungeon |   1375 |   1375 |      0 |    884 |      1 |   1 | 1375.0 |
               +--------+--------+--------+--------+--------+-----+--------+

Top non-repeatable levels by time:
       D: 1375 daAuts
